 Dungeon Crawl Stone Soup version 0.30-a0-778-g2ef04afb54 (webtiles) character file.

Game seed: 14163540028970740787

557 Dustman the Slasher (level 7, 0/56 HPs)
             Began as a Human Fighter on Feb 16, 2023.
             Was an Initiate of Wu Jian.
             Slain by a gnoll
             ... wielding a +0 halberd
              (9 damage)
             ... on level 4 of the Dungeon.
             The game lasted 00:08:43 (1986 turns).

Dustman the Slasher (Human Fighter)                 Turns: 1986, Time: 00:08:43

Health: 0/56       AC:  7    Str: 16    XL:     7   Next: 56%
Magic:  7/7        EV:  8    Int:  8    God:    Wu Jian [......]
Gold:   136        SH:  6    Dex: 21    Spells: 6/6 levels left

rFire   . . .      SeeInvis .    i - +2 short sword (elec)
rCold   . . .      Faith    .    c - +0 buckler
rNeg    . . .      Spirit   .    b - +0 scale mail
rPois   .          Reflect  .    n - +0 helmet
rElec   .          Harm     .    (no cloak)
rCorr   .          Rampage  .    (no gloves)
Will    .....                    (no boots) Stlth
                                 (no amulet)
HPRegen 0.29/turn                k - +6 ring of dexterity
MPRegen 0.10/turn                (no ring)

@: no status effects
A: no striking features
a: Renounce Religion


You were on level 4 of the Dungeon.
You worshipped Wu Jian.
Wu Jian was noncommittal.
You visited 1 branch of the dungeon, and saw 4 of its levels.

You collected 136 gold pieces.

Inventory:

Hand Weapons
 a - a +0 long sword
 i - a +2 short sword of electrocution (weapon)
Missiles
 e - 4 boomerangs (quivered)
Armour
 b - a +0 scale mail (worn)
 c - a +0 buckler (worn)
 n - a +0 helmet (worn)
Jewellery
 f - an amulet of faith
 k - a +6 ring of dexterity (left hand)
Wands
 j - a wand of flame (20)
Scrolls
 d - a scroll of vulnerability {unknown}
 h - a scroll of magic mapping {unknown}
 l - 3 scrolls of enchant armour {unknown}
 m - a scroll of blinking {unknown}
 o - a scroll of enchant weapon {unknown}
Potions
 g - a potion of haste
 p - a potion of resistance {unknown}
 q - a potion of degeneration {unknown}


   Skills:
 + Level 5.2 Fighting
 * Level 6.5 Long Blades
 - Level 3.0 Armour
 - Level 3.0 Shields


You had 6 spell levels left.
You didn't know any spells.
Your spell library contained the following spells:

 Spells                   Type           Power      Damage    Failure   Level
 Foxfire                  Conj/Fire      0%         2x1d4     90%         1
 Fireball                 Conj/Fire      0%         3d3       100%        5
 Starburst                Conj/Fire      0%         6d3       100%        6


Dungeon Overview and Level Annotations

Branches:
Dungeon (4/15)
 Temple: D:4-7

Altars:
Fedhas
Hepliaklqana
Nemelex Xobeh
Wu Jian


Message History

You hit the hound. Lightning courses through the hound!
You kill the hound!
The Council accepts your kill. The gnoll closely misses you.
The gnoll hits you but does no damage. The gnoll barely misses you.
The gnoll hits you from afar with a +0 halberd!
You hit the gnoll.
The gnoll is heavily wounded.
The gnoll barely misses you. x2; The gnoll completely misses you.
You barely miss the gnoll.
The gnoll is heavily wounded.
The gnoll hits you from afar with a +0 halberd.
You block the gnoll's attack.
You closely miss the gnoll.
The gnoll is heavily wounded.
You block the gnoll's attack. You block the gnoll's attack.
The gnoll closely misses you.
The gnoll hits you from afar with a +0 halberd!
You hit the gnoll but do no damage. Lightning courses through the gnoll!
You kill the gnoll!
The Council accepts your kill. You block the gnoll's attack.
The gnoll hits you from afar with a +0 halberd!
The gnoll closely misses you.
Things that are here:
a +0 halberd; a gnoll corpse You hit the gnoll.
The gnoll is heavily wounded.
You block the gnoll's attack. x2
You hit the gnoll.
The gnoll is heavily wounded.
The gnoll hits you from afar with a +0 halberd!
* * * LOW HITPOINT WARNING * * *
The gnoll hits you but does no damage.
You puncture the gnoll!
You kill the gnoll!
The Council accepts your kill.
The gnoll hits you from afar with a +0 halberd!
You die...

...###....##.≈≈≈≈≈~~#≈≈≈≈~.#
............#≈≈≈≈≈≈~~~≈≈~##.
...P..P....###≈~~≈≈≈≈~~#~...
#..~~~~.w.####.≈≈≈≈~~~.#.##
#..P............~~.~~......
#.P~~~~..##.....#..##....#.
#..P.P...##.#......##......
..........##...#.#........#.
..####...gw@.#.#.#........<.
#########.#.##..##.....
#.#............
#.#####........ #.#
####..#.# ### #....# #.>###
####


You could see a gnoll and a dart slug.

Vanquished Creatures
  Sigmund (D:2)
  A jelly (D:4)
  2 orc priests (D:4)
  3 hounds (D:4)
  3 orc wizards (D:3)
  Robin (D:3)
  2 gnolls (D:4)
  5 adders
  3 dart slugs (D:4)
  4 orcs
  3 ball pythons
  7 endoplasms (D:3)
  A giant cockroach (D:2)
  10 goblins
  7 hobgoblins
  4 jackals (D:3)
  3 kobolds (D:2)
  A quokka (D:1)
  2 bats
  2 frilled lizards
  5 rats
70 creatures vanquished.

Vanquished Creatures (others)
  8 fungi (D:4)
8 creatures vanquished.

Grand Total: 78 creatures vanquished

Notes
Turn   | Place    | Note
-------+----------+-------------------------------------------
     0 | D:1      | Dustman the Human Fighter began the quest for the Orb.
     0 | D:1      | Reached XP level 1. HP: 18/18 MP: 1/1
   267 | D:1      | Reached XP level 2. HP: 24/24 MP: 2/2
   365 | D:2      | Reached XP level 3. HP: 29/29 MP: 3/3
   428 | D:2      | Reached skill level 3 in Long Blades
   792 | D:2      | Noticed Sigmund
   818 | D:2      | Killed Sigmund
   819 | D:2      | Reached skill level 4 in Long Blades
   819 | D:2      | Reached XP level 4. HP: 8/37 MP: 4/4
   819 | D:2      | Reached XP level 5. HP: 9/42 MP: 5/5
   819 | D:2      | Reached XP level 6. HP: 10/48 MP: 6/6
  1102 | D:2      | Reached skill level 5 in Long Blades
  1308 | D:3      | Noticed Robin
  1329 | D:3      | Killed Robin
  1550 | D:4      | Reached XP level 7. HP: 21/55 MP: 7/7
  1710 | D:4      | Reached skill level 5 in Fighting
  1710 | D:4      | Reached skill level 6 in Long Blades
  1843 | D:3      | Found an ornate altar of the Wu Jian Council.
  1843 | D:3      | Found a sparkling altar of Nemelex Xobeh.
  1848 | D:3      | Found a hazy altar of Hepliaklqana.
  1850 | D:3      | Found a blossoming altar of Fedhas.
  1851 | D:3      | Found a faded altar of an unknown god.
  1873 | D:3      | Became a worshipper of the Wu Jian Council
  1986 | D:4      | Slain by a gnoll

Illustrated notes

Levels and vault maps discovered:
D:1:      dpeg_arrival_water_fire, layout_basic
D:2:      layout_loops_corners, chequers_serial_rivers_micro_c,
          cheibrodos_gnoll_hut, uniq_sigmund
D:3:      layout_basic, chequers_temple_overflow_minitemple, uniq_robin
D:4:      kennysheep_slugbush, layout_basic, dreamdust_gnoll_farm

Skill      XL: |  1  2  3  4  5  6  7 |
---------------+----------------------+-----
Long Blades    | 4 5 6 |  6.5
Fighting       | 4 5 |  5.2
Armour         | |  3.0
Shields        | |  3.0

Action                     |  1- 3 |  4- 6 |  7- 9 || total
---------------------------+-------+-------+-------++-------
  Melee: Long sword        |    15 |       |       ||    15
         Short sword       |    38 |    72 |    70 ||   180
  Throw: Boomerang         |       |       |     2 ||     2
    Use: Potion            |     4 |       |     2 ||     6
 Armour: Scale mail        |    20 |    21 |    24 ||    65
  Dodge: Dodged            |    14 |    17 |    27 ||    58
  Block: Buckler           |    12 |     7 |    16 ||    35

Table legend: (Time is in decaauts)
 A = Elapsed time spent in this place.
 B = Non-inter-level travel time spent in this place.
 C = Inter-level travel time spent in this place.
 D = Time resting spent in this place.
 E = Time spent auto-exploring this place.
 F = Levels seen in this place.
 G = Mean time per level.
                   A        B        C        D        E       F      G
               +--------+--------+--------+--------+--------+-----+--------+
         Total |   1958 |   1936 |     22 |    134 |    953 |   4 |  489.5 |
       Dungeon |   1958 |   1936 |     22 |    134 |    953 |   4 |  489.5 |
               +--------+--------+--------+--------+--------+-----+--------+

Top non-repeatable levels by time:
     D:2: 848 daAuts
     D:3: 462 daAuts
     D:4: 351 daAuts
     D:1: 295 daAuts
